 Dungeon Crawl Stone Soup version 0.18.1-48-g4cf74bf (webtiles) character file.

47 MistressOfTheDunes the Insei (level 3, 0/29 HPs)
             Began as a Mummy Monk on June 26, 2016.
             Slain by a hobgoblin
             ... wielding a +0 club
              (1 damage)
             ... on level 1 of the Dungeon.
             The game lasted 00:01:24 (1386 turns).

MistressOfTheDunes the Insei (Mummy Monk)           Turns: 1386, Time: 00:01:25

Health: 0/29       AC:  0    Str: 14    XL:     3   Next: 48%
Magic:  3/3        EV: 13    Int:  9    God:
Gold:   129        SH:  0    Dex: 15    Spells: 0 memorised, 2 levels left

rFire  x . .     SeeInvis .       - Unarmed
rCold  + . .     Gourm    .     (no armour)
rNeg   + + +     Faith    .     (no shield)
rPois  ∞         Spirit   .     (no helmet)
rElec  .         Dismiss  .     (no cloak)
rCorr  .         Reflect  .     (no gloves)
SustAt .         Harm     .     (no boots)
MR     .....                    (no amulet)
Stlth  ++........               (no ring)
                                (no ring)

@: not resistant to hostile enchantments, unstealthy
A: no food or potions, fire vulnerability, cold resistance 1, negative energy
resistance 3, torment resistance, unbreathing
a: no special abilities


You were on level 1 of the Dungeon.
You were not hungry.

You visited 1 branch of the dungeon, and saw 2 of its levels.

You collected 129 gold pieces.


Innate Abilities, Weirdness & Mutations

You do not eat or drink.
Your flesh is vulnerable to fire.
You are immune to poison.
Your flesh is cold resistant.
You are immune to negative energy.
You are immune to unholy pain and torment.
You can survive without breathing.


   Skills:
 - Level 3.0 Fighting
 - Level 2.4 Dodging
 - Level 1.5 Stealth
 + Level 4.3 Unarmed Combat


You had 2 spell levels left.
You didn't know any spells.

Inventory:

Scrolls
 a - a scroll of enchant armour {unknown}
 b - a scroll of teleportation {unknown}
 c - a scroll of blinking {unknown}
 d - a scroll of identify {unknown}
 e - a scroll of immolation {unknown}

Dungeon Overview and Level Annotations

Branches:
Dungeon (2/15)

Altars:

▒▒.▒▒ ▒▒.(.....▒▒ ▒......▒
▒▒...▒▒▒▒.........▒▒▒▒....▒▒▒▒
▒.................'...........
▒▒..............>.▒▒..(...▒▒▒▒
▒▒.........[....▒▒▒.▒▒.▒.▒
▒▒▒')++++......▒▒ ▒...†..▒
▒▒..+....+.▒...▒▒ ▒..▒.▒▒▒
▒...+....+.▒▒g▒▒ ▒..▒.▒
▒...+.<..+.▒▒M▒ ▒..▒.▒
▒...+....+.▒▒.▒ ▒....▒
▒.▒.++'+++..▒.▒▒ ▒▒.▒▒▒
▒.▒▒▒.....▒....▒▒▒▒▒▒.▒
▒........▒▒...........▒
▒▒▒▒▒▒▒▒▒▒.....▒▒▒▒▒▒▒▒
▒....▒▒ ▒....▒ ▒▒▒▒.▒


You could see a hobgoblin.


Message History

r - Retreat!!! s - Stop attacking! w - Wait here! f - Follow me!
Anything else - Stay silent!
You shout for attention!!!
You hear a shout!!!
You swing at nothing!
You swing at nothing!
You swing at nothing!
You swing at nothing!
A hobgoblin comes into view! It is wielding a club!
You closely miss the hobgoblin! The hobgoblin barely misses you!
The hobgoblin closely misses you!
There is an open door here!
The hobgoblin barely misses you!
There is an open door here!
You closely miss the hobgoblin!
The hobgoblin hits you with a club! * * * don't die
* * * You barely miss the hobgoblin!
The hobgoblin hits you with a club! * * * don't die
* * * You squash the hobgoblin like an ant!
The hobgoblin is severely wounded!
The hobgoblin closely misses you!
You beat the hobgoblin into a bloody pulp!!!
You annihilate the hobgoblin!!!
You squash the hobgoblin but do no damage!
The hobgoblin hits you with a club! * * * don't die
* * * You barely miss the hobgoblin!
The hobgoblin hits you with a club! * * * don't die
* * * You barely miss the hobgoblin!
The hobgoblin hits you with a club! rip

Action                   || total
-------------------------++-------
Melee: Unarmed           ||   110
 Stab: Sleeping          ||     2
Dodge: Dodged            ||    68

Vault maps used:
D:1:      lightli_arrival_maybe_door_vault, minmay_misc_feat_chi
D:2:      first_bread, serial_park_tiny_pond, st_stairs_9,
          minmay_joined_circles, uniq_crazy_yiuf_cottage, uniq_terence

Notes
Turn   | Place    | Note
--------------------------------------------------------------
     0 | D:1      | MistressOfTheDunes the Mummy Monk began the quest for the Orb.
     0 | D:1      | Reached XP level 1. HP: 18/18 MP: 1/1
   373 | D:1      | Reached XP level 2. HP: 22/24 MP: 2/2
   695 | D:1      | Reached skill level 4 in Unarmed Combat
   834 | D:1      | Reached XP level 3. HP: 12/29 MP: 3/3
  1385 | D:1      | HP: 1/29 [hobgoblin/club (6)]
  1386 | D:1      | Slain by a hobgoblin

Vanquished Creatures
  An adder (D:2)
  An ooze (D:1)
  A worm (D:1)
  2 giant geckos (D:1)
  3 giant cockroaches
  2 goblins (D:1)
  3 hobgoblins (D:1)
  5 jackals (D:1)
  A bat (D:1)
  4 giant newts (D:1)
  6 rats
29 creatures vanquished.
